 Dungeon Crawl Stone Soup version 0.21-a0-286-g6fcecc0 (webtiles) character file.

321 nikopol the Chopper (level 6, -3/56 HPs)
             Began as a Minotaur Berserker on Sept 26, 2017.
             Was a Priest of Trog.
             Slain by p0werm0de's ghost (9 damage)
             ... in a sewer.
             The game lasted 00:07:08 (3571 turns).

nikopol the Chopper (Minotaur Berserker)            Turns: 3571, Time: 00:07:08

Health: -3/56      AC:  9    Str: 21    XL:     6   Next: 22%
Magic:  5/5        EV: 11    Int:  4    God:    Trog [***...]
Gold:   267        SH:  0    Dex: 12    Spells: 5/5 levels left

rFire    . . .     SeeInvis .   a - +0 hand axe
rCold    . . .     Gourm    .   (no shield)
rNeg     . . .     Faith    .   x - +0 scale mail
rPois    .         Spirit   .   (helmet restricted)
rElec    .         Reflect  .   C - +0 cloak
rCorr    .         Harm     .   i - +0 pair of gloves
MR       .....                  (no boots)
Stlth    ..........             (no amulet)
HPRegen  0.18/turn              (no ring)
MPRegen  0.09/turn              (no ring)

@: lethally poisoned (-3 -> -4), berserk cooldown, slowed, drained, very slow
A: retaliatory headbutt, horns 2
a: Berserk, Trog's Hand, Burn Spellbooks, Renounce Religion


You were in a sewer.
You worshipped Trog.
Trog was most pleased with you.
You were hungry.

You visited 1 branch of the dungeon, and saw 5 of its levels.
You also visited: Sewer.

You collected 267 gold pieces.

Inventory:

Hand Weapons
 a - a +0 hand axe (weapon)
Missiles
 q - 71 arrows (quivered)
Armour
 b - a +0 animal skin
 i - a +0 pair of gloves (worn)
 v - a +0 ring mail
 x - a +0 scale mail (worn)
 C - a +0 cloak (worn)
Jewellery
 w - an uncursed amulet of regeneration {unknown}
 y - an uncursed ring of ice {unknown}
Wands
 I - a wand of disintegration (14/24)
 K - a wand of polymorph (17/24)
Scrolls
 h - a scroll of remove curse
 k - 5 scrolls of teleportation
 m - a scroll of blinking
 n - a scroll of recharging {unknown}
 r - a scroll of magic mapping
 s - 3 scrolls of identify {unknown}
 u - a scroll of enchant armour {unknown}
 z - 3 scrolls of immolation {unknown}
 G - a scroll of enchant weapon {unknown}
 J - a scroll of amnesia {unknown}
Potions
 d - 3 potions of curing {unknown}
 e - a potion of heal wounds {unknown}
 f - a potion of degeneration {unknown}
 g - 2 potions of ambrosia {unknown}
 l - a potion of resistance {unknown}
 o - 2 potions of haste {unknown}
 p - 2 potions of lignification {unknown}
 t - 2 potions of brilliance {unknown}
 A - 2 potions of magic {unknown}
 B - 2 potions of flight {unknown}
 F - a potion of might {unknown}
Comestibles
 c - 3 bread rations
 j - a royal jelly
 D - 2 fruits
 E - a meat ration
 H - 4 chunks of flesh


   Skills:
 + Level 5.6(5.4) Fighting
 + Level 5.8(5.5) Axes
 + Level 3.9(3.7) Armour
 + Level 3.2(3.0) Dodging
 + Level 0.3(0.1) Stealth


You had 5 spell levels left.
You didn't know any spells.

Dungeon Overview and Level Annotations

Branches:
Dungeon (5/15)             Temple (0/1) D:5

Altars:
Cheibriados
Qazlal
Ru
Wu Jian
Zin

Annotations:
Sewer p0werm0de's ghost, amateur MiCK


Innate Abilities, Weirdness & Mutations

You reflexively headbutt those who attack you in melee.
You have a pair of horns on your head.


Message History

P0werm0de's ghost hits you but does no damage.
You hit p0werm0de's ghost but do no damage.
P0werm0de's ghost is heavily damaged.
You feel sick.
P0werm0de's ghost boasts, "I have defeated monsters you have never seen."
P0werm0de's ghost barely misses you. P0werm0de's ghost hits you.
* * * LOW HITPOINT WARNING * * *
You closely miss p0werm0de's ghost.
P0werm0de's ghost is heavily damaged.
P0werm0de's ghost barely misses you.
You hit p0werm0de's ghost but do no damage.
P0werm0de's ghost is heavily damaged.
You feel sick. P0werm0de's ghost barely misses you.
P0werm0de's ghost closely misses you.
You hit p0werm0de's ghost.
P0werm0de's ghost is severely damaged.
P0werm0de's ghost hits you!
* * * LOW HITPOINT WARNING * * *
You are electrocuted!
You die...

# #####..
######
##.......
##....##
##........
#......#
#..†....#
#..∩∩..#
##..†...##
#......#
#.†@...##
#.≈..≈##
##≈W†.##
#≈≈≈≈≈≈#
#≈≈†≈≈≈#
#≈≈≈≈≈≈#
#≈≈†≈≈≈#
#≈≈≈≈≈≈#
#≈≈†≈≈≈#
#≈≈≈≈≈≈#
#≈≈≈≈≈≈#
#≈≈≈≈≈≈#
#≈≈≈≈≈≈#
#≈≈#≈≈≈#
#≈≈≈#≈≈#
#≈≈≈#≈≈#
#≈≈≈≈≈≈#


You could see p0werm0de's ghost.

Vanquished Creatures
  An ogre (D:4)
  Crazy Yiuf (D:2)
  A worker ant (D:4)
  A hound skeleton (D:4)
  A river rat (Sewer)
  3 adders
  3 oozes
  3 worms
  5 dart slugs
  4 leopard geckos
  5 ball pythons
  3 bats
  6 giant cockroaches
  11 goblins
  7 hobgoblins
  9 jackals
  4 frilled lizards
  11 kobolds
  21 rats
  2 fungi (D:2)
102 creatures vanquished.

Notes
Turn   | Place    | Note
-------+----------+-------------------------------------------
     0 | D:1      | nikopol the Minotaur Berserker began the quest for the Orb.
     0 | D:1      | Reached XP level 1. HP: 19/19 MP: 0/0
    29 | D:1      | Reached XP level 2. HP: 17/27 MP: 1/1
   696 | D:1      | Reached XP level 3. HP: 33/34 MP: 2/2
   724 | D:1      | Reached ** piety under Trog
  1250 | D:2      | Found a snail-covered altar of Cheibriados.
  1260 | D:2      | Found a sacrificial altar of Ru.
  1507 | D:2      | Reached XP level 4. HP: 41/41 MP: 3/3
  1850 | D:2      | Found a runed door.
  1854 | D:2      | Noticed Crazy Yiuf
  1860 | D:2      | Killed Crazy Yiuf
  1860 | D:2      | Reached skill level 5 in Fighting
  2940 | D:4      | Reached *** piety under Trog
  2940 | D:4      | Reached XP level 5. HP: 37/48 MP: 4/4
  3097 | D:4      | Reached skill level 5 in Axes
  3117 | D:4      | Found an ornate altar of the Wu Jian Council.
  3145 | D:4      | Found a stormy altar of Qazlal.
  3312 | D:4      | Noticed an ogre
  3317 | D:4      | Killed an ogre
  3317 | D:4      | Reached XP level 6. HP: 41/56 MP: 5/5
  3395 | D:5      | Entered Level 5 of the Dungeon
  3428 | D:5      | Found a glowing silver altar of Zin.
  3452 | D:5      | Found a glowing drain.
  3475 | Sewer    | Entered a sewer
  3550 | Sewer    | Noticed p0werm0de's ghost (amateur MiCK)
  3571 | Sewer    | Slain by p0werm0de's ghost

Vault maps used:
D:1:      dpeg_arrival_oval, kennysheep_small_spiral
D:2:      cheibriados_altar_1, overflow_temple_1_default,
          uniq_crazy_yiuf_cottage
D:4:      kennysheep_mini_moat, marbit_many_paths, first_bread
D:5:      vehumet_statue, temple_hall, basic_altar,
          cheibrodos_sewer_entry_drain, bloody_trog
Sewer:    sewer_minmay_w

Skill      XL: |  1  2  3  4  5 |
---------------+----------------+-----
Fighting       | 4 5 |  5.6
Axes           | 4 5 |  5.8
Dodging        | 3 |  3.2
Armour         | 3 |  3.9
Stealth        | |  0.3

Action                   |  1- 3 |  4- 6 || total
-------------------------+-------+-------++-------
Melee: Hand axe          |   113 |   133 ||   246
       Headbutt          |    15 |    23 ||    38
Invok: Berserk           |       |     2 ||     2
       Burn Spellbooks   |       |     1 ||     1
  Use: Scroll            |       |     5 ||     5
  Eat: Chunk             |     2 |     8 ||    10
Armor: Animal skin       |    23 |       ||    23
       Scale mail        |     7 |    41 ||    48
Dodge: Dodged            |    76 |    63 ||   139

Table legend:
 A = Spawn XP
 B = Non-spawn XP
 C = Spawn XP percentage of total XP
 D = Spawn monster count
 E = Non-spawn monster count
 F = Spawn count percentage of total count
 G = Total turns spent on level
                    A         B        C        D         E        F      G
               +---------+---------+-------+---------+---------+-------+---------
         Total |       0 |     459 |   0.0 |       0 |     100 |   0.0 |  3571
               +---------+---------+-------+---------+---------+-------+---------
           D:1 |       0 |      63 |   0.0 |       0 |      31 |   0.0 |  1128
           D:2 |       0 |      86 |   0.0 |       0 |      18 |   0.0 |   984
           D:3 |       0 |      39 |   0.0 |       0 |      18 |   0.0 |   819
           D:4 |       0 |     202 |   0.0 |       0 |       7 |   0.0 |   464
           D:5 |       0 |      35 |   0.0 |       0 |       5 |   0.0 |    80
         Sewer |       0 |      34 |   0.0 |       0 |      21 |   0.0 |    96
               +---------+---------+-------+---------+---------+-------+---------
